 Dungeon Crawl Stone Soup version 0.29-a0-878-g7b45a56547 (webtiles) character file.

Game seed: 5142431399247271096

450 jlumianski the Chiller (level 6, -11/42 HPs)
             Began as a Demonspawn Ice Elementalist on July 20, 2022.
             Mangled by an ogre
             ... wielding a +0 giant club
              (22 damage)
             ... on level 4 of the Dungeon.
             The game lasted 00:21:22 (4827 turns).

jlumianski the Chiller (DsIE)                       Turns: 4827, Time: 00:21:23

Health: -11/42     AC: 10    Str:  7      XL:     6   Next: 74%
Magic:  2/11       EV: 11    Int: 17 (18) God:
Gold:   217        SH:  0    Dex: 13      Spells: 5/12 levels left

rFire   . . .      SeeInvis .   i - +0 short sword
rCold   + . .      Faith    .   (no shield)
rNeg    . . .      Spirit   .   q - +0 leather armour
rPois   .          Reflect  .   (helmet restricted)
rElec   .          Harm     .   r - +0 cloak
rCorr   .          Rampage  .   (no gloves)
Will    .....                   (no boots)
Stlth   ++........              (no amulet)
HPRegen 0.14/turn               z - ring of protection from cold
MPRegen 0.12/turn               (no ring)

@: ice-armoured
A: antennae 2, sharp scales 2, talons 1, weak 1, evolution 1
a: no special abilities


You were on level 4 of the Dungeon.
You visited 1 branch of the dungeon, and saw 5 of its levels.

You collected 217 gold pieces.

Inventory:

Hand Weapons
 g - a +0 sling
 i - a +0 short sword (weapon)
Missiles
 d - 3 datura-tipped darts
 l - 7 poisoned darts
 m - 26 stones
Armour
 a - a +0 robe
 q - a +0 leather armour (worn)
 r - a +0 cloak (worn)
 u - a +0 buckler
Jewellery
 z - a ring of protection from cold (left hand)
Scrolls
 c - 2 scrolls of teleportation
 k - 2 scrolls of fog
 n - a scroll of silence
 p - a scroll of fear {unknown}
 s - a scroll of vulnerability {unknown}
 v - a scroll of immolation {unknown}
 w - a scroll of noise {unknown}
 y - 3 scrolls of blinking {unknown}
 A - a scroll of torment {unknown}
Potions
 b - 3 potions of magic
 e - 2 potions of might {unknown}
 f - a potion of brilliance
 h - a potion of lignification
 j - a potion of attraction
 o - 2 potions of mutation
 t - a potion of curing


   Skills:
 + Level 0.9 Fighting
 + Level 0.1 Short Blades
 + Level 2.7 Ranged Weapons
 + Level 1.7 Armour
 + Level 2.3 Dodging
 + Level 2.1 Stealth
 + Level 3.6 Spellcasting
 + Level 5.0 Ice Magic


You had 5 spell levels left.
You knew the following spells:

 Your Spells              Type           Power      Damage    Failure   Level
a - Freeze                Ice            80%        1d9       3%          1
b - Frozen Ramparts       Ice            40%        1d6       9%          3
c - Ozocubu's Armour      Ice            20%        N/A       9%          3

Your spell library contained the following spells:

 Spells                   Type           Power      Damage    Failure   Level
 Summon Small Mammal      Summ           12%        N/A       24%         1
 Poisonous Vapours        Pois/Air       6%         N/A       36%         2
 Call Canine Familiar     Summ           3%         N/A       58%         3
 Dazzling Flash           Conj/Hex       6%         N/A       58%         3
 Summon Guardian Golem    Hex/Summ       3%         N/A       58%         3
 Hailstorm                Conj/Ice       11%        3d5       63%         4
 Corpse Rot               Necr/Pois/Air  3%         N/A       94%         4
 Iskenderun's Mystic Bla  Conj/Tloc      3%         2d3       94%         4
 Starburst                Conj/Fire      1%         6d3       100%        6


Dungeon Overview and Level Annotations

Branches:
Dungeon (5/15)
 Temple: D:4-7

Altars:

Shops:
D:1 !

Annotations:
D:4 2 runed translucent doors, gdog's ghost, amateur GnDe


Innate Abilities, Weirdness & Mutations

You have a pair of antennae on your head.
You are mostly covered in razor-sharp scales. (AC +2, Slay +2)
You have sharp toenails.
You are weak. (Str -2)
You have hidden genetic potential.


Message History

You barely miss Robin. You claw Robin.
Robin is almost dead.
The wall freezes the ogre.
The wall freezes Robin.
You kill Robin!
The wall freezes the ogre.
The wall freezes the goblin.
You kill the goblin!
You hit the ogre. You claw the ogre.
The ogre is moderately wounded.
The goblin no longer looks unusually strong.
The wall freezes the ogre.
The ogre hits you with a +0 giant club!!
Ouch! That really hurt!
* * * LOW HITPOINT WARNING * * *
Press: ? - help, v - describe, . - travel, g - get item
Here: an ogre, wielding a +0 giant club (moderately wounded)
Items here: )) [[.
The floor, spattered with blood.
You hit the ogre. You claw the ogre.
The ogre is heavily wounded.
The wall freezes the goblin.
You kill the goblin!
Casting: Frozen Ramparts (dangerous; 9% risk of failure)
Confirm with . or Enter, or press ? or * to list all spells.
Aiming: Freeze (safe; 3% risk of failure)
Press: ? - help, Shift-Dir - straight line, f - ogre
Aim: an ogre, wielding a +0 giant club (heavily wounded)
You freeze the ogre.
The ogre is severely wounded.
The wall freezes the ogre.
The ogre closely misses you.
Casting: Freeze (safe; 3% risk of failure)
Confirm with . or Enter, or press ? or * to list all spells.
Aiming: Freeze (safe; 3% risk of failure)
Press: ? - help, Shift-Dir - straight line, f/p - ogre
Aim: an ogre, wielding a +0 giant club (severely wounded)
You freeze the ogre.
The ogre is almost dead.
The frozen ramparts melt away.
The ogre hits you with a +0 giant club!!
Ouch! That really hurt!
You die...

##.# ...# {
...# {##..#
... #)# #.#
#O# #@# #)#
##.##.... #.##
........ #..#
.# .... ##.#
.# ... #.# .#
#.# ######.#
.###.#
#......######
### ##
<....####
.....#†......#
#.. .


You could see an ogre.

Vanquished Creatures
  A black bear (D:4)
  A scorpion (D:4)
  2 hounds (D:4)
  Terence (D:3)
  2 iguanas
  An orc wizard (D:4)
  Robin (D:4)
  A gnoll (D:2)
  3 adders
  2 worms (D:2)
  4 dart slugs
  2 orcs (D:4)
  4 ball pythons
  4 bats
  6 endoplasms
  2 giant cockroaches
  13 goblins
  5 hobgoblins
  7 jackals (D:2)
  7 kobolds
  3 quokkas
  3 frilled lizards
  2 rats
77 creatures vanquished.

Notes
Turn   | Place    | Note
-------+----------+-------------------------------------------
     0 | D:1      | jlumianski the Demonspawn Ice Elementalist began the quest
                  | for the Orb.
     0 | D:1      | Reached XP level 1. HP: 13/13 MP: 3/3
   166 | D:1      | Found Qon Ruke's Distillery.
   300 | D:1      | Gained mutation: You are partially covered in razor-sharp
                  | scales. (AC +1, Slay +1) [demonic ancestry]
   300 | D:1      | Reached XP level 2. HP: 19/19 MP: 0/5
   431 | D:1      | Reached skill level 4 in Ice Magic
   471 | D:1      | Found a faded altar of an unknown god.
  1016 | D:2      | Gained mutation: You have a pair of small antennae on your
                  | head. [demonic ancestry]
  1016 | D:2      | Reached XP level 3. HP: 24/24 MP: 3/6
  1020 | D:2      | Learned a level 3 spell: Frozen Ramparts
  1773 | D:2      | Reached XP level 4. HP: 30/30 MP: 3/7
  1908 | D:2      | Reached skill level 1 in Ranged Weapons
  2504 | D:4      | Noticed a scorpion
  2804 | D:3      | Noticed Terence
  2816 | D:3      | Killed Terence
  2817 | D:3      | Gained mutation: You are mostly covered in razor-sharp
                  | scales. (AC +2, Slay +2) [demonic ancestry]
  2817 | D:3      | Reached XP level 5. HP: 21/36 MP: 2/9
  3460 | D:2      | Learned a level 3 spell: Ozocubu's Armour
  3665 | D:3      | Gained mutation: You have hidden genetic potential. [potion
                  | of mutation]
  3665 | D:3      | Gained mutation: You are weak. (Str -2) [potion of
                  | mutation]
  4309 | D:4      | Reached skill level 1 in Armour
  4309 | D:4      | Gained mutation: You have a pair of antennae on your head.
                  | [demonic ancestry]
  4309 | D:4      | Reached XP level 6. HP: 32/42 MP: 5/10
  4480 | D:4      | Found a large runed translucent door.
  4480 | D:4      | Found a large runed translucent door.
  4503 | D:4      | Gained mutation: You have sharp toenails. [hidden
                  | potential]
  4549 | D:5      | Entered Level 5 of the Dungeon
  4713 | D:4      | Noticed gdog's ghost (amateur GnDe)
  4736 | D:4      | Reached skill level 5 in Ice Magic
  4810 | D:4      | Noticed Robin
  4822 | D:4      | Killed Robin
  4827 | D:4      | Mangled by an ogre

Illustrated notes

Levels and vault maps discovered:
D:1:      dpeg_arrival_erosion, layout_loops_ring, serial_shops,
          nicolae_shop_statue_plus, basic_ecumenical_altar,
          grunt_decor_one_mirror, chequers_serial_rivers_room_b, minivault_24
D:2:      layout_loops_ring, minmay_statues_item, cheibrodos_gnoll_hut
D:3:      layout_loops_corners, minmay_misc_feat_four_crosses, uniq_terence
D:4:      layout_loops_cross, makhleb_blood_cavern_becter,
          minmay_temple_entry_nine_rooms, ebering_ghost_disaster_area,
          kennysheep_windowed_goal, uniq_ijyb, uniq_robin, uniq_edmund
D:5:      layout_basic, led_sif_pool

Skill      XL: |  1  2  3  4  5  6 |
---------------+-------------------+-----
Ice Magic      | 4 5 |  5.0
Dodging        | 2 |  2.3
Ranged Weapons | 2 |  2.7
Stealth        | 2 |  2.1
Spellcasting   | 3 |  3.6
Armour         | 1 |  1.7
Fighting       | |  0.9
Short Blades   | |  0.1

Action                   |  1- 3 |  4- 6 || total
-------------------------+-------+-------++-------
Melee: Unarmed           |     1 |       ||     1
       Short sword       |       |    31 ||    31
       Kick              |       |     6 ||     6
 Fire: Sling             |    52 |    47 ||    99
 Cast: Freeze            |    20 |    13 ||    33
       Frozen Ramparts   |     8 |    19 ||    27
       Ozocubu's Armour  |       |     4 ||     4
  Use: Scroll            |       |     6 ||     6
       Potion            |       |     6 ||     6
Armor: Robe              |     8 |       ||     8
       Leather armour    |       |    23 ||    23
Dodge: Dodged            |    20 |    32 ||    52

Table legend: (Time is in decaauts)
 A = Elapsed time spent in this place.
 B = Non-inter-level travel time spent in this place.
 C = Inter-level travel time spent in this place.
 D = Time resting spent in this place.
 E = Time spent auto-exploring this place.
 F = Levels seen in this place.
 G = Mean time per level.
                   A        B        C        D        E       F      G
               +--------+--------+--------+--------+--------+-----+--------+
         Total |   4874 |   4776 |     98 |    693 |   3019 |   5 |  974.8 |
       Dungeon |   4874 |   4776 |     98 |    693 |   3019 |   5 |  974.8 |
               +--------+--------+--------+--------+--------+-----+--------+

Top non-repeatable levels by time:
     D:3: 1577 daAuts
     D:2: 1118 daAuts
     D:4: 1111 daAuts
     D:1: 979 daAuts
     D:5: 87 daAuts
